Lightning vs Golden Knights
Created - May 12, 2023 at 21:24
Goals
|
| Lightning |
0 |
0 |
0 |
0 |
| Golden Knights |
0 |
2 |
0 |
2 |
|
Shots
|
| Lightning |
6 |
7 |
8 |
21 |
| Golden Knights |
7 |
6 |
10 |
23 |
|
1st period
No Goal
Penalties :
Brent Seabrook (T.B) for Hooking (Minor) at 3:24, Alexander Radulov (Veg) for Slashing (Minor) at 9:09, Ben Smith (T.B) for Roughing (Double Minor) at 14:50, Jimmy Vesey (T.B) for High sticking (Minor) at 19:15
2nd period
1. Golden Knights , Steven Stamkos 44 (Jake Guentzel 50, Jordan Eberle 38) at 1:36 (PP)
2. Golden Knights , Jake Guentzel 31 (Steven Stamkos 69) at 19:01 (PP)
Penalties :
Jesper Fast (T.B) for High sticking (Minor) at 1:23, Andrew Cogliano (Veg) for Interference (Minor) at 16:37, Brent Seabrook (T.B) for Tripping (Minor) at 18:59
3rd period
No Goal
Penalties :
Brent Seabrook (T.B) for High sticking (Minor) at 4:49, Andrew Cogliano (Veg) for Roughing (Minor) at 9:02, Yanni Gourde (T.B) for Interference (Minor) at 15:02, Tom Wilson (Veg) for Hooking (Minor) at 19:13
Goalie Stats
Alex Nedeljkovic (T.B), 21 saves from 23 shots - (0.913), L, 32-21-5, 60:00 minutes
Ondrej Pavelec (Veg), 21 saves from 21 shots - (1.000), W, 33-24-2, 60:00 minutes
Players Stats for Lightning
Player Name G A P +/- PIM S H SB GA TA FO MP PP MP PK MP
------------------------------------------------------------------------------------
Alex Killorn 0 0 0 0 0 0 2 0 0 0 0/0 10:04 0:00 2:15
Antoine Vermette 0 0 0 0 0 0 0 0 0 0 1/4 8:52 0:00 1:14
Artemi Panarin 0 0 0 0 0 1 0 0 0 0 2/4 19:27 3:19 4:14
Ben Smith 0 0 0 0 4 2 0 0 0 0 0/0 16:15 0:00 4:23
Brendan Lemieux 0 0 0 0 0 2 5 0 0 0 1/1 16:10 3:24 2:14
Brent Seabrook 0 0 0 0 6 4 0 0 0 2 0/0 26:21 4:14 4:32
Brock Boeser 0 0 0 0 0 0 2 0 0 0 0/0 13:25 3:24 0:00
Evgeni Malkin 0 0 0 0 0 2 1 1 1 0 12/29 22:29 3:13 6:04
Jesper Fast 0 0 0 0 2 0 0 0 0 0 0/1 7:41 0:00 0:00
Jimmy Vesey 0 0 0 0 2 1 0 1 0 0 0/0 10:06 0:06 0:00
Jiri Fischer 0 0 0 0 0 0 0 0 0 0 0/0 11:47 0:00 0:55
John Carlson 0 0 0 0 0 1 1 2 0 0 0/0 27:24 4:14 6:45
Kasperi Kapanen 0 0 0 0 0 1 1 0 0 0 0/0 15:33 3:19 0:00
Michael Kostka 0 0 0 0 0 2 2 2 0 3 0/0 18:44 0:00 4:54
Patrice Bergeron 0 0 0 0 0 2 0 0 0 0 2/7 13:39 0:00 3:56
Shayne Gostisbehere 0 0 0 0 0 2 1 2 2 0 0/0 21:18 2:29 5:33
Victor Hedman 0 0 0 0 0 1 2 0 0 0 0/0 14:35 2:29 1:41
Yanni Gourde 0 0 0 0 2 0 2 0 0 0 1/11 13:53 3:24 0:00
Players Stats for Golden Knights
Player Name G A P +/- PIM S H SB GA TA FO MP PP MP PK MP
------------------------------------------------------------------------------------
Alexander Radulov 0 0 0 0 2 0 1 0 0 0 0/1 17:55 4:47 0:00
Andrei Loktionov 0 0 0 0 0 0 2 0 0 0 9/11 17:52 4:49 2:37
Andrew Cogliano 0 0 0 0 4 2 2 0 0 0 0/0 16:45 4:47 1:05
Anton Lindholm 0 0 0 0 0 0 1 0 0 0 0/0 9:59 0:21 0:36
Christopher Tanev 0 0 0 0 0 0 0 1 1 1 0/0 20:44 5:17 1:50
Jake Guentzel 1 1 2 0 0 7 1 0 1 0 1/2 23:24 6:34 3:45
Jamie Benn 0 0 0 0 0 1 0 0 1 0 0/0 11:26 0:49 1:44
Jamie Oleksiak 0 0 0 0 0 0 1 1 0 0 0/0 10:31 0:21 0:36
Jordan Eberle 0 1 1 0 0 2 1 1 0 0 0/0 16:18 6:34 0:00
Kyle Rau 0 0 0 0 0 0 0 0 0 0 5/6 8:41 0:09 0:14
Lawson Crouse 0 0 0 0 0 3 1 0 0 0 0/0 10:15 0:26 0:12
Luke Glendening 0 0 0 0 0 1 0 0 0 0 0/0 9:34 0:00 0:00
Mathew Dumba 0 0 0 0 0 2 0 4 0 1 0/0 28:19 6:32 4:17
Olli Maatta 0 0 0 0 0 0 2 0 0 0 0/0 20:44 5:17 1:50
Steven Stamkos 1 1 2 0 0 2 3 0 1 0 22/33 23:50 6:46 3:49
Tom Wilson 0 0 0 0 2 2 0 1 0 0 0/0 9:03 0:49 0:00
Tomas Nosek 0 0 0 0 0 0 0 0 0 1 1/4 9:34 0:00 0:00
Zach Bogosian 0 0 0 0 0 1 1 2 1 0 0/0 28:19 6:32 4:17
3 Stars
1 - Ondrej Pavelec (Veg)
2 - Steven Stamkos (Veg)
3 - Jake Guentzel (Veg)
Power Play
Lightning - 0 on 4 Attempt(s) - 0.00%
Golden Knights - 2 on 8 Attempt(s) - 25.00%
Penalty Kill
Lightning - 6 on 8 Attempt(s) - 75.00%
- Score 0 goal in Penalty Kill
Golden Knights - 4 on 4 Attempt(s) - 100.00%
- Score 0 goal in Penalty Kill
Team Stat
Lightning - Hits : 19 - Faceoff Wins : 19 - Blocked Shots : 8 - Penalty Minutes : 16
Golden Knights - Hits : 16 - Faceoff Wins : 38 - Blocked Shots : 10 - Penalty Minutes : 8
Official
Referees : Tom Chmielewski and Jacob Brenk
Linesman : Tyson Baker and Devin Berg
Game Notes
No Game Note
Finance
Level 1 -- Attendance: 6000 (100.00%) -- Ticket Income $600,000
Level 2 -- Attendance: 4949 (98.98%) -- Ticket Income $296,940
Level 3 -- Attendance: 1886 (94.30%) -- Ticket Income $66,010
Level 4 -- Attendance: 4000 (100.00%) -- Ticket Income $100,000
Luxury Box -- Attendance: 933 (93.30%) -- Ticket Income $186,600
Game was played at the T-Mobile Arena.
Total Attendance: 17768 (98.71%)
Total Ticket Income: $1,249,550
Other Income: $187,432
Total Income: $1,436,982
Lightning
5 vs 5 Forward
Center Left Wing Right Wing Time % Phy DF OF
1 Evgeni Malkin Artemi Panarin Kasperi Kapanen 40 1 2 2
2 Yanni Gourde Brendan Lemieux Ben Smith 30 1 2 2
3 Patrice Bergeron Jimmy Vesey Brock Boeser 20 1 2 2
4 Antoine Vermette Alex Killorn Jesper Fast 10 1 2 2
5 vs 5 Defense
Defense Defense Time % Phy DF OF
1 John Carlson Brent Seabrook 40 1 2 2
2 Michael Kostka Shayne Gostisbehere 30 1 2 2
3 Victor Hedman Jiri Fischer 20 1 2 2
4 John Carlson Brent Seabrook 10 1 2 2
PowerPlay Forward
Center Left Wing Right Wing Time % Phy DF OF
1 Evgeni Malkin Artemi Panarin Kasperi Kapanen 60 1 2 2
2 Yanni Gourde Brendan Lemieux Brock Boeser 40 1 2 2
PowerPlay Defense
Defense Defense Time % Phy DF OF
1 John Carlson Brent Seabrook 60 1 2 2
2 Victor Hedman Shayne Gostisbehere 40 1 2 2
Penalty Kill 4 Players Forward
Center Wing Time % Phy DF OF
1 Evgeni Malkin Ben Smith 60 1 2 2
2 Patrice Bergeron Artemi Panarin 40 1 2 2
Penalty Kill 4 Players Defense
Defense Defense Time % Phy DF OF
1 John Carlson Brent Seabrook 60 1 2 2
2 Michael Kostka Shayne Gostisbehere 40 1 2 2
Penalty Kill - 3 Players Forward
Forward Time % Phy DF OF
1 Evgeni Malkin 60 1 2 2
2 Patrice Bergeron 40 1 2 2
Penalty Kill - 3 Players Defense
Defense Defense Time % Phy DF OF
1 John Carlson Brent Seabrook 60 1 2 2
2 Michael Kostka Shayne Gostisbehere 40 1 2 2
4 vs 4 Forward
Center Wing Time % Phy DF OF
1 Evgeni Malkin Artemi Panarin 60 1 2 2
2 Patrice Bergeron Ben Smith 40 1 2 2
4 vs 4 Defense
Defense Defense Time % Phy DF OF
1 John Carlson Brent Seabrook 60 1 2 2
2 Michael Kostka Shayne Gostisbehere 40 1 2 2
Last Minutes Offensive
Center Left Wing Right Wing Defense Defense
Evgeni Malkin Artemi Panarin Kasperi Kapanen John Carlson Shayne Gostisbehere
Last Minutes Defensive
Center Left Wing Right Wing Defense Defense
Evgeni Malkin Artemi Panarin Ben Smith John Carlson Brent Seabrook
Goaltenders
Starting : Alex Nedeljkovic
Backup : Jimmy Howard
Extra Forwards
Normal : Brock Boeser, Kasperi Kapanen, Jimmy Vesey - PP : Jimmy Vesey, Kasperi Kapanen - PK : Brendan Lemieux
Extra Defensemen
Normal : Shayne Gostisbehere, Victor Hedman, Jiri Fischer - PP : Shayne Gostisbehere - PK : Shayne Gostisbehere, Victor Hedman
Penalty Shots
Evgeni Malkin, Patrice Bergeron, Artemi Panarin, Yanni Gourde, Kasperi Kapanen
Scratches
Scott Mayfield (Healthy)
Golden Knights
5 vs 5 Forward
Center Left Wing Right Wing Time % Phy DF OF
1 Steven Stamkos Jake Guentzel Alexander Radulov 40 1 2 2
2 Andrei Loktionov Andrew Cogliano Jordan Eberle 30 1 2 2
3 Kyle Rau Jamie Benn Tom Wilson 20 1 2 2
4 Tomas Nosek Lawson Crouse Luke Glendening 10 1 2 2
5 vs 5 Defense
Defense Defense Time % Phy DF OF
1 Zach Bogosian Mathew Dumba 40 1 2 2
2 Olli Maatta Christopher Tanev 30 1 2 2
3 Jamie Oleksiak Anton Lindholm 20 1 2 2
4 Zach Bogosian Mathew Dumba 10 1 2 2
PowerPlay Forward
Center Left Wing Right Wing Time % Phy DF OF
1 Steven Stamkos Jake Guentzel Jordan Eberle 60 1 2 2
2 Andrei Loktionov Andrew Cogliano Alexander Radulov 40 1 2 2
PowerPlay Defense
Defense Defense Time % Phy DF OF
1 Zach Bogosian Mathew Dumba 60 1 2 2
2 Olli Maatta Christopher Tanev 40 1 2 2
Penalty Kill 4 Players Forward
Center Wing Time % Phy DF OF
1 Steven Stamkos Jake Guentzel 60 1 2 2
2 Andrei Loktionov Andrew Cogliano 40 1 2 2
Penalty Kill 4 Players Defense
Defense Defense Time % Phy DF OF
1 Zach Bogosian Mathew Dumba 60 1 2 2
2 Olli Maatta Christopher Tanev 40 1 2 2
Penalty Kill - 3 Players Forward
Forward Time % Phy DF OF
1 Steven Stamkos 60 1 2 2
2 Andrei Loktionov 40 1 2 2
Penalty Kill - 3 Players Defense
Defense Defense Time % Phy DF OF
1 Zach Bogosian Mathew Dumba 60 1 2 2
2 Olli Maatta Christopher Tanev 40 1 2 2
4 vs 4 Forward
Center Wing Time % Phy DF OF
1 Steven Stamkos Jake Guentzel 60 1 2 2
2 Andrei Loktionov Andrew Cogliano 40 1 2 2
4 vs 4 Defense
Defense Defense Time % Phy DF OF
1 Zach Bogosian Mathew Dumba 60 1 2 2
2 Olli Maatta Christopher Tanev 40 1 2 2
Last Minutes Offensive
Center Left Wing Right Wing Defense Defense
Steven Stamkos Jake Guentzel Jordan Eberle Zach Bogosian Mathew Dumba
Last Minutes Defensive
Center Left Wing Right Wing Defense Defense
Steven Stamkos Jake Guentzel Jordan Eberle Zach Bogosian Mathew Dumba
Goaltenders
Starting : Ondrej Pavelec
Backup : Laurent Brossoit
Extra Forwards
Normal : Andrew Cogliano, Jamie Benn, Alexander Radulov - PP : Andrew Cogliano, Jamie Benn - PK : Andrew Cogliano
Extra Defensemen
Normal : Christopher Tanev, Jamie Oleksiak, Anton Lindholm - PP : Christopher Tanev - PK : Christopher Tanev, Jamie Oleksiak
Penalty Shots
Steven Stamkos, Jordan Eberle, Jake Guentzel, Andrei Loktionov, Andrew Cogliano
Scratches
None
% Time on Ice - Lightning
Lines # - Real PCT - Wanted PCT - Time Play
Normal Forward
1 - 32% - 40% - 13:18
2 - 26% - 30% - 10:36
3 - 24% - 20% - 10:01
4 - 18% - 10% - 7:12
Normal Defense
1 - 43% - 40% - 17:29
2 - 35% - 30% - 14:21
3 - 20% - 20% - 8:17
4 - 2% - 10% - 1:00
PP Forward
1 - 49% - 60% - 3:19
2 - 51% - 40% - 3:24
PP Defense
1 - 63% - 60% - 4:14
2 - 37% - 40% - 2:29
PK Forward
1 - 68% - 60% - 8:19
2 - 32% - 40% - 3:51
PK Defense
1 - 60% - 60% - 7:16
2 - 40% - 40% - 4:54
PK3 Forward
1 - 0% - 60%
2 - 0% - 40%
PK3 Defense
1 - 0% - 60%
2 - 0% - 40%
44 Forward
1 - 0% - 60%
2 - 0% - 40%
44 Defense
1 - 0% - 60%
2 - 0% - 40%
Last Minute Offensive - 0:00
Last Minute Defensive - 0:00
Total
Forward - 60:00
Defense - 60:00
|
% Time on Ice - Golden Knights
Lines # - Real PCT - Wanted PCT - Time Play
Normal Forward
1 - 33% - 40% - 13:43
2 - 24% - 30% - 9:49
3 - 19% - 20% - 8:01
4 - 23% - 10% - 9:34
Normal Defense
1 - 38% - 40% - 15:44
2 - 33% - 30% - 13:37
3 - 24% - 20% - 10:00
4 - 4% - 10% - 1:46
PP Forward
1 - 61% - 60% - 7:23
2 - 39% - 40% - 4:47
PP Defense
1 - 57% - 60% - 6:53
2 - 43% - 40% - 5:17
PK Forward
1 - 74% - 60% - 5:00
2 - 26% - 40% - 1:43
PK Defense
1 - 73% - 60% - 4:53
2 - 27% - 40% - 1:50
PK3 Forward
1 - 0% - 60%
2 - 0% - 40%
PK3 Defense
1 - 0% - 60%
2 - 0% - 40%
44 Forward
1 - 0% - 60%
2 - 0% - 40%
44 Defense
1 - 0% - 60%
2 - 0% - 40%
Last Minute Offensive - 0:00
Last Minute Defensive - 0:00
Total
Forward - 60:00
Defense - 60:00
|
Play-by-Play
1st period
0:01 of 1st period - Evgeni Malkin wins face-off versus Steven Stamkos in neutral zone.
0:08 of 1st period - Snap shot by Artemi Panarin.
0:08 of 1st period - Shot Misses the Net.
0:26 of 1st period - Jordan Eberle is hit by Yanni Gourde and loses puck.
0:33 of 1st period - Snap shot by Ben Smith.
0:33 of 1st period - Stopped by Ondrej Pavelec with a rebound.
1:43 of 1st period - Snap shot by Jake Guentzel.
1:43 of 1st period - Stopped by Alex Nedeljkovic with a rebound.
2:02 of 1st period - Wrist shot by Ben Smith.
2:02 of 1st period - Stopped by Ondrej Pavelec without a rebound.
2:03 of 1st period - Andrei Loktionov wins face-off versus Patrice Bergeron in Golden Knights zone.
2:03 of 1st period - Andrei Loktionov is hit by Victor Hedman.
2:39 of 1st period - Wrist shot by Jake Guentzel.
2:39 of 1st period - Stopped by Alex Nedeljkovic without a rebound.
2:40 of 1st period - Andrei Loktionov wins face-off versus Evgeni Malkin in Lightning zone.
2:49 of 1st period - Wrist shot by Andrew Cogliano.
2:49 of 1st period - Stopped by Alex Nedeljkovic with a rebound.
3:24 of 1st period - Minor Penalty to Brent Seabrook for Hooking.
3:25 of 1st period - Steven Stamkos wins face-off versus Evgeni Malkin in Lightning zone.
3:28 of 1st period - Wrist shot by Jordan Eberle.
3:28 of 1st period - Shot Blocked by Michael Kostka.
4:58 of 1st period - John Carlson is hit by Steven Stamkos and loses puck.
5:24 of 1st period - Penalty to Brent Seabrook is over, Brent Seabrook is back on ice.
5:33 of 1st period - Slapshot by Brent Seabrook.
5:33 of 1st period - Stopped by Ondrej Pavelec without a rebound.
5:34 of 1st period - Antoine Vermette wins face-off versus Tomas Nosek in Golden Knights zone.
5:45 of 1st period - Wrist shot by Jesper Fast.
5:45 of 1st period - Deflect By Alex Killorn.
5:45 of 1st period - Shot Misses the Net.
5:45 of 1st period - Puck is out of play.
5:46 of 1st period - Artemi Panarin wins face-off versus Kyle Rau in Golden Knights zone.
6:53 of 1st period - Wrist shot by Luke Glendening.
6:53 of 1st period - Stopped by Alex Nedeljkovic with a rebound.
7:39 of 1st period - Wrist shot by Jake Guentzel.
7:39 of 1st period - Shot Misses the Net.
7:41 of 1st period - Wrist shot by Steven Stamkos.
7:41 of 1st period - Shot Misses the Net.
8:48 of 1st period - Slapshot by Artemi Panarin.
8:48 of 1st period - Shot Misses the Net.
8:50 of 1st period - Slapshot by Artemi Panarin.
8:50 of 1st period - Shot Misses the Net.
9:09 of 1st period - Minor Penalty to Alexander Radulov for Slashing.
9:10 of 1st period - Evgeni Malkin wins face-off versus Jake Guentzel in Golden Knights zone.
11:08 of 1st period - Kasperi Kapanen is hit by Olli Maatta.
11:09 of 1st period - Penalty to Alexander Radulov is over, Alexander Radulov is back on ice.
11:22 of 1st period - Wrist shot by Lawson Crouse.
11:22 of 1st period - Stopped by Alex Nedeljkovic without a rebound.
11:23 of 1st period - Tomas Nosek wins face-off versus Jesper Fast in Lightning zone.
11:34 of 1st period - Lawson Crouse is hit by Alex Killorn and loses puck.
12:33 of 1st period - Snap shot by Lawson Crouse.
12:33 of 1st period - Stopped by Alex Nedeljkovic without a rebound.
12:34 of 1st period - Evgeni Malkin wins face-off versus Steven Stamkos in Lightning zone.
13:00 of 1st period - Mathew Dumba is hit by Brendan Lemieux and loses puck.
13:09 of 1st period - Slapshot by Yanni Gourde.
13:09 of 1st period - Shot Misses the Net.
13:11 of 1st period - Slapshot by Victor Hedman.
13:11 of 1st period - Stopped by Ondrej Pavelec without a rebound.
13:12 of 1st period - Steven Stamkos wins face-off versus Evgeni Malkin in Golden Knights zone.
14:07 of 1st period - Snap shot by Brent Seabrook.
14:07 of 1st period - Deflect By Mathew Dumba.
14:07 of 1st period - Stopped by Ondrej Pavelec without a rebound.
14:08 of 1st period - Patrice Bergeron wins face-off versus Steven Stamkos in Golden Knights zone.
14:11 of 1st period - Slapshot by Brock Boeser.
14:11 of 1st period - Shot Blocked by Mathew Dumba.
14:13 of 1st period - Snap shot by Patrice Bergeron.
14:13 of 1st period - Stopped by Ondrej Pavelec without a rebound.
14:14 of 1st period - Steven Stamkos wins face-off versus Evgeni Malkin in Golden Knights zone.
14:50 of 1st period - Double Minor Penalty to Ben Smith for Roughing.
14:51 of 1st period - Evgeni Malkin wins face-off versus Steven Stamkos in Lightning zone.
14:59 of 1st period - Snap shot by Steven Stamkos.
14:59 of 1st period - Stopped by Alex Nedeljkovic with a rebound.
15:01 of 1st period - Slapshot by Jordan Eberle.
15:01 of 1st period - Shot Blocked by John Carlson.
17:34 of 1st period - Jamie Oleksiak is hit by Michael Kostka and loses puck.
17:41 of 1st period - Shayne Gostisbehere is hit by Lawson Crouse and loses puck.
18:50 of 1st period - Penalty to Ben Smith is over, Ben Smith is back on ice.
19:15 of 1st period - Minor Penalty to Jimmy Vesey for High sticking.
19:16 of 1st period - Evgeni Malkin wins face-off versus Steven Stamkos in Lightning zone.
19:25 of 1st period - Ben Smith is hit by Olli Maatta and loses puck.
19:42 of 1st period - Artemi Panarin is hit by Andrei Loktionov and loses puck.
Goals for this period are 0 for Lightning vs 0 for Golden Knights.
Shots for this period are 6 for Lightning vs 7 for Golden Knights.
2nd period
0:01 of 2nd period - Evgeni Malkin wins face-off versus Steven Stamkos in neutral zone.
0:54 of 2nd period - Michael Kostka is hit by Andrew Cogliano and loses puck.
1:05 of 2nd period - Wrist shot by Michael Kostka.
1:05 of 2nd period - Stopped by Ondrej Pavelec without a rebound.
1:06 of 2nd period - Steven Stamkos wins face-off versus Patrice Bergeron in Golden Knights zone.
1:15 of 2nd period - Penalty to Jimmy Vesey is over, Jimmy Vesey is back on ice.
1:23 of 2nd period - Minor Penalty to Jesper Fast for High sticking.
1:24 of 2nd period - Evgeni Malkin wins face-off versus Steven Stamkos in Lightning zone.
1:24 of 2nd period - Evgeni Malkin is hit by Steven Stamkos.
1:36 of 2nd period - Snap shot by Steven Stamkos.
1:36 of 2nd period - Goal by Steven Stamkos - Lightning : 0 - Golden Knights : 1.
1:37 of 2nd period - Steven Stamkos wins face-off versus Evgeni Malkin in neutral zone.
2:52 of 2nd period - Wrist shot by Shayne Gostisbehere.
2:52 of 2nd period - Shot Misses the Net.
3:06 of 2nd period - Snap shot by Andrew Cogliano.
3:06 of 2nd period - Shot Blocked by Shayne Gostisbehere.
3:08 of 2nd period - Slapshot by Olli Maatta.
3:08 of 2nd period - Shot Blocked by Michael Kostka.
3:18 of 2nd period - Snap shot by Michael Kostka.
3:18 of 2nd period - Shot Misses the Net.
3:30 of 2nd period - Snap shot by Brendan Lemieux.
3:30 of 2nd period - Shot Blocked by Christopher Tanev.
3:32 of 2nd period - Slapshot by Victor Hedman.
3:32 of 2nd period - Shot Misses the Net.
3:52 of 2nd period - Icing by Zach Bogosian.
3:53 of 2nd period - Patrice Bergeron wins face-off versus Tomas Nosek in Golden Knights zone.
4:33 of 2nd period - Slapshot by Mathew Dumba.
4:33 of 2nd period - Stopped by Alex Nedeljkovic with a rebound.
4:55 of 2nd period - Snap shot by Lawson Crouse.
4:55 of 2nd period - Stopped by Alex Nedeljkovic with a rebound.
6:50 of 2nd period - Luke Glendening is hit by Shayne Gostisbehere.
7:24 of 2nd period - Snap shot by Brock Boeser.
7:24 of 2nd period - Shot Misses the Net.
7:26 of 2nd period - Slapshot by Jimmy Vesey.
7:26 of 2nd period - Shot Misses the Net.
7:28 of 2nd period - Snap shot by Patrice Bergeron.
7:28 of 2nd period - Shot Blocked by Mathew Dumba.
7:30 of 2nd period - Backhand shot by Patrice Bergeron.
7:30 of 2nd period - Shot Blocked by Zach Bogosian.
7:38 of 2nd period - Wrist shot by Jimmy Vesey.
7:38 of 2nd period - Stopped by Ondrej Pavelec with a rebound.
7:40 of 2nd period - Backhand shot by Patrice Bergeron.
7:40 of 2nd period - Shot Blocked by Zach Bogosian.
7:42 of 2nd period - Snap shot by Jimmy Vesey.
7:42 of 2nd period - Shot Blocked by Mathew Dumba.
7:44 of 2nd period - Slapshot by Shayne Gostisbehere.
7:44 of 2nd period - Stopped by Ondrej Pavelec without a rebound.
7:45 of 2nd period - Steven Stamkos wins face-off versus Artemi Panarin in Golden Knights zone.
8:19 of 2nd period - Brent Seabrook is hit by Andrei Loktionov and loses puck.
8:38 of 2nd period - Slapshot by Brent Seabrook.
8:38 of 2nd period - Stopped by Ondrej Pavelec without a rebound.
8:39 of 2nd period - Steven Stamkos wins face-off versus Antoine Vermette in Golden Knights zone.
8:53 of 2nd period - Snap shot by Jake Guentzel.
8:53 of 2nd period - Stopped by Alex Nedeljkovic with a rebound.
9:38 of 2nd period - Slapshot by Brendan Lemieux.
9:38 of 2nd period - Shot Blocked by Jamie Oleksiak.
10:47 of 2nd period - Victor Hedman is hit by Anton Lindholm and loses puck.
10:58 of 2nd period - Ben Smith is hit by Jordan Eberle.
12:32 of 2nd period - Michael Kostka is hit by Jamie Oleksiak and loses puck.
12:52 of 2nd period - Icing by Steven Stamkos.
12:53 of 2nd period - Kyle Rau wins face-off versus Antoine Vermette in Golden Knights zone.
15:12 of 2nd period - Icing by Anton Lindholm.
15:13 of 2nd period - Steven Stamkos wins face-off versus Yanni Gourde in Golden Knights zone.
15:46 of 2nd period - Snap shot by Lawson Crouse.
15:46 of 2nd period - Shot Misses the Net.
15:48 of 2nd period - Snap shot by Zach Bogosian.
15:48 of 2nd period - Deflect By Luke Glendening.
15:48 of 2nd period - Shot Blocked by Jimmy Vesey.
15:48 of 2nd period - Puck is out of play.
15:49 of 2nd period - Evgeni Malkin wins face-off versus Tomas Nosek in Lightning zone.
16:14 of 2nd period - Olli Maatta is hit by Brendan Lemieux.
16:30 of 2nd period - Slapshot by John Carlson.
16:30 of 2nd period - Shot Blocked by Jordan Eberle.
16:32 of 2nd period - Slapshot by Brent Seabrook.
16:32 of 2nd period - Shot Misses the Net.
16:34 of 2nd period - Slapshot by Patrice Bergeron.
16:34 of 2nd period - Stopped by Ondrej Pavelec without a rebound.
16:35 of 2nd period - Andrei Loktionov wins face-off versus Patrice Bergeron in Golden Knights zone.
16:37 of 2nd period - Minor Penalty to Andrew Cogliano for Interference.
16:38 of 2nd period - Steven Stamkos wins face-off versus Artemi Panarin in Golden Knights zone.
16:42 of 2nd period - Brent Seabrook is hit by Steven Stamkos and loses puck.
18:16 of 2nd period - Jake Guentzel is hit by Brendan Lemieux and loses puck.
18:37 of 2nd period - Penalty to Andrew Cogliano is over, Andrew Cogliano is back on ice.
18:59 of 2nd period - Minor Penalty to Brent Seabrook for Tripping.
19:00 of 2nd period - Steven Stamkos wins face-off versus Evgeni Malkin in Lightning zone.
19:01 of 2nd period - Wrist shot by Jake Guentzel.
19:01 of 2nd period - Goal by Jake Guentzel - Lightning : 0 - Golden Knights : 2.
19:02 of 2nd period - Evgeni Malkin wins face-off versus Steven Stamkos in neutral zone.
19:05 of 2nd period - Backhand shot by Kasperi Kapanen.
19:05 of 2nd period - Stopped by Ondrej Pavelec with a rebound.
19:39 of 2nd period - Slapshot by Ben Smith.
19:39 of 2nd period - Shot Misses the Net.
19:41 of 2nd period - Snap shot by Brendan Lemieux.
19:41 of 2nd period - Stopped by Ondrej Pavelec without a rebound.
19:42 of 2nd period - Kyle Rau wins face-off versus Evgeni Malkin in Golden Knights zone.
19:55 of 2nd period - Snap shot by Jamie Benn.
19:55 of 2nd period - Stopped by Alex Nedeljkovic with a rebound.
19:57 of 2nd period - Wrist shot by Jamie Benn.
19:57 of 2nd period - Shot Misses the Net.
Goals for this period are 0 for Lightning vs 2 for Golden Knights.
Shots for this period are 7 for Lightning vs 6 for Golden Knights.
3rd period
0:01 of 3rd period - Evgeni Malkin wins face-off versus Alexander Radulov in neutral zone.
0:16 of 3rd period - Wrist shot by Evgeni Malkin.
0:16 of 3rd period - Deflect By Artemi Panarin.
0:16 of 3rd period - Shot Misses the Net.
0:16 of 3rd period - Puck is out of play.
0:17 of 3rd period - Andrei Loktionov wins face-off versus Yanni Gourde in Golden Knights zone.
0:44 of 3rd period - Alexander Radulov is hit by Brock Boeser and loses puck.
1:09 of 3rd period - Kyle Rau is hit by John Carlson and loses puck.
1:18 of 3rd period - Wrist shot by Evgeni Malkin.
1:18 of 3rd period - Stopped by Ondrej Pavelec without a rebound.
1:19 of 3rd period - Steven Stamkos wins face-off versus Yanni Gourde in Golden Knights zone.
1:24 of 3rd period - Michael Kostka is hit by Alexander Radulov.
1:32 of 3rd period - Slapshot by Shayne Gostisbehere.
1:32 of 3rd period - Shot Hit the Post.
1:34 of 3rd period - Slapshot by Michael Kostka.
1:34 of 3rd period - Stopped by Ondrej Pavelec with a rebound.
1:51 of 3rd period - Snap shot by Artemi Panarin.
1:51 of 3rd period - Stopped by Ondrej Pavelec with a rebound.
2:15 of 3rd period - Wrist shot by Tom Wilson.
2:15 of 3rd period - Stopped by Alex Nedeljkovic without a rebound.
2:16 of 3rd period - Steven Stamkos wins face-off versus Yanni Gourde in Lightning zone.
2:21 of 3rd period - Wrist shot by Steven Stamkos.
2:21 of 3rd period - Deflect By Jake Guentzel.
2:21 of 3rd period - Stopped by Alex Nedeljkovic with a rebound.
2:40 of 3rd period - Olli Maatta is hit by Kasperi Kapanen.
2:42 of 3rd period - Snap shot by Andrew Cogliano.
2:42 of 3rd period - Shot Misses the Net.
2:44 of 3rd period - Slapshot by Jordan Eberle.
2:44 of 3rd period - Stopped by Alex Nedeljkovic without a rebound.
2:45 of 3rd period - Evgeni Malkin wins face-off versus Andrei Loktionov in Lightning zone.
2:49 of 3rd period - Off-side.
2:50 of 3rd period - Steven Stamkos wins face-off versus Evgeni Malkin in neutral zone.
3:02 of 3rd period - Snap shot by Evgeni Malkin.
3:02 of 3rd period - Shot Misses the Net.
3:04 of 3rd period - Snap shot by Shayne Gostisbehere.
3:04 of 3rd period - Deflect By Evgeni Malkin.
3:04 of 3rd period - Shot Misses the Net.
3:04 of 3rd period - Puck is out of play.
3:05 of 3rd period - Steven Stamkos wins face-off versus Evgeni Malkin in Golden Knights zone.
3:10 of 3rd period - Slapshot by Mathew Dumba.
3:10 of 3rd period - Deflect By Brent Seabrook.
3:10 of 3rd period - Stopped by Alex Nedeljkovic without a rebound.
3:11 of 3rd period - Steven Stamkos wins face-off versus Evgeni Malkin in Lightning zone.
3:12 of 3rd period - Slapshot by Jake Guentzel.
3:12 of 3rd period - Stopped by Alex Nedeljkovic without a rebound.
3:13 of 3rd period - Steven Stamkos wins face-off versus Evgeni Malkin in Lightning zone.
3:14 of 3rd period - Snap shot by Jake Guentzel.
3:14 of 3rd period - Shot Blocked by John Carlson.
3:24 of 3rd period - John Carlson is hit by Jake Guentzel and loses puck.
3:39 of 3rd period - Snap shot by Evgeni Malkin.
3:39 of 3rd period - Stopped by Ondrej Pavelec without a rebound.
3:40 of 3rd period - Andrei Loktionov wins face-off versus Yanni Gourde in Golden Knights zone.
3:47 of 3rd period - Snap shot by Jordan Eberle.
3:47 of 3rd period - Shot Misses the Net.
4:13 of 3rd period - Wrist shot by Shayne Gostisbehere.
4:13 of 3rd period - Stopped by Ondrej Pavelec without a rebound.
4:14 of 3rd period - Kyle Rau wins face-off versus Evgeni Malkin in Golden Knights zone.
4:49 of 3rd period - Minor Penalty to Brent Seabrook for High sticking.
4:50 of 3rd period - Steven Stamkos wins face-off versus Evgeni Malkin in Lightning zone.
4:50 of 3rd period - Wrist shot by Jordan Eberle.
4:50 of 3rd period - Shot Misses the Net.
4:52 of 3rd period - Slapshot by Mathew Dumba.
4:52 of 3rd period - Shot Blocked by Evgeni Malkin.
6:49 of 3rd period - Penalty to Brent Seabrook is over, Brent Seabrook is back on ice.
6:53 of 3rd period - Slapshot by Ben Smith.
6:53 of 3rd period - Shot Misses the Net.
8:10 of 3rd period - Andrew Cogliano is hit by Victor Hedman.
8:22 of 3rd period - Slapshot by Shayne Gostisbehere.
8:22 of 3rd period - Deflect By Alex Killorn.
8:22 of 3rd period - Shot Misses the Net.
8:22 of 3rd period - Puck is out of play.
8:23 of 3rd period - Steven Stamkos wins face-off versus Antoine Vermette in Golden Knights zone.
8:23 of 3rd period - Steven Stamkos is hit by Michael Kostka.
9:02 of 3rd period - Minor Penalty to Andrew Cogliano for Roughing.
9:03 of 3rd period - Brendan Lemieux wins face-off versus Steven Stamkos in Golden Knights zone.
9:14 of 3rd period - Snap shot by Brendan Lemieux.
9:14 of 3rd period - Stopped by Ondrej Pavelec with a rebound.
9:16 of 3rd period - Slapshot by Brent Seabrook.
9:16 of 3rd period - Stopped by Ondrej Pavelec with a rebound.
9:18 of 3rd period - Slapshot by John Carlson.
9:18 of 3rd period - Stopped by Ondrej Pavelec without a rebound.
9:19 of 3rd period - Steven Stamkos wins face-off versus Evgeni Malkin in Golden Knights zone.
9:30 of 3rd period - Wrist shot by Brent Seabrook.
9:30 of 3rd period - Shot Blocked by Mathew Dumba.
9:44 of 3rd period - Mathew Dumba is hit by Brock Boeser and loses puck.
11:02 of 3rd period - Penalty to Andrew Cogliano is over, Andrew Cogliano is back on ice.
11:09 of 3rd period - Andrei Loktionov is hit by Alex Killorn and loses puck.
11:58 of 3rd period - Snap shot by Brendan Lemieux.
11:58 of 3rd period - Shot Blocked by Tom Wilson.
12:47 of 3rd period - Anton Lindholm is hit by Brendan Lemieux and loses puck.
13:20 of 3rd period - Wrist shot by Andrew Cogliano.
13:20 of 3rd period - Stopped by Alex Nedeljkovic without a rebound.
13:21 of 3rd period - Kyle Rau wins face-off versus Patrice Bergeron in Lightning zone.
13:22 of 3rd period - Backhand shot by Zach Bogosian.
13:22 of 3rd period - Stopped by Alex Nedeljkovic without a rebound.
13:23 of 3rd period - Kyle Rau wins face-off versus Patrice Bergeron in Lightning zone.
13:26 of 3rd period - Wrist shot by Jamie Benn.
13:26 of 3rd period - Shot Misses the Net.
13:28 of 3rd period - Wrist shot by Tom Wilson.
13:28 of 3rd period - Stopped by Alex Nedeljkovic without a rebound.
13:29 of 3rd period - Jake Guentzel wins face-off versus Evgeni Malkin in Lightning zone.
13:34 of 3rd period - Wrist shot by Steven Stamkos.
13:34 of 3rd period - Deflect By Jake Guentzel.
13:34 of 3rd period - Stopped by Alex Nedeljkovic without a rebound.
13:35 of 3rd period - Artemi Panarin wins face-off versus Steven Stamkos in Lightning zone.
13:51 of 3rd period - Icing by Zach Bogosian.
13:52 of 3rd period - Steven Stamkos wins face-off versus Yanni Gourde in Golden Knights zone.
13:52 of 3rd period - Steven Stamkos is hit by Yanni Gourde.
14:45 of 3rd period - Wrist shot by Jake Guentzel.
14:45 of 3rd period - Deflect By Patrice Bergeron.
14:45 of 3rd period - Shot Misses the Net.
14:45 of 3rd period - Puck is out of play.
14:46 of 3rd period - Andrei Loktionov wins face-off versus Yanni Gourde in Lightning zone.
14:53 of 3rd period - Wrist shot by Jordan Eberle.
14:53 of 3rd period - Stopped by Alex Nedeljkovic without a rebound.
14:54 of 3rd period - Andrei Loktionov wins face-off versus Yanni Gourde in Lightning zone.
15:02 of 3rd period - Minor Penalty to Yanni Gourde for Interference.
15:03 of 3rd period - Steven Stamkos wins face-off versus Evgeni Malkin in Lightning zone.
15:29 of 3rd period - Jake Guentzel is hit by Evgeni Malkin and loses puck.
15:38 of 3rd period - Patrice Bergeron is hit by Zach Bogosian and loses puck.
16:01 of 3rd period - Snap shot by Steven Stamkos.
16:01 of 3rd period - Shot Misses the Net.
16:29 of 3rd period - Backhand shot by Steven Stamkos.
16:29 of 3rd period - Deflect By Jordan Eberle.
16:29 of 3rd period - Shot Blocked by Shayne Gostisbehere.
16:29 of 3rd period - Puck is out of play.
16:30 of 3rd period - Evgeni Malkin wins face-off versus Andrei Loktionov in Lightning zone.
16:49 of 3rd period - Patrice Bergeron is hit by Andrew Cogliano and loses puck.
17:02 of 3rd period - Penalty to Yanni Gourde is over, Yanni Gourde is back on ice.
17:23 of 3rd period - Wrist shot by Alex Killorn.
17:23 of 3rd period - Shot Misses the Net.
17:54 of 3rd period - Icing by Anton Lindholm.
17:55 of 3rd period - Andrei Loktionov wins face-off versus Yanni Gourde in Golden Knights zone.
18:06 of 3rd period - Snap shot by Andrei Loktionov.
18:06 of 3rd period - Shot Misses the Net.
19:02 of 3rd period - Kyle Rau is hit by Brendan Lemieux and loses puck.
19:13 of 3rd period - Minor Penalty to Tom Wilson for Hooking.
19:14 of 3rd period - Steven Stamkos wins face-off versus Evgeni Malkin in Golden Knights zone.
19:25 of 3rd period - Slapshot by Kasperi Kapanen.
19:25 of 3rd period - Shot Misses the Net.
19:49 of 3rd period - Slapshot by Brent Seabrook.
19:49 of 3rd period - Deflect By Brendan Lemieux.
19:49 of 3rd period - Shot Misses the Net.
19:49 of 3rd period - Puck is out of play.
19:50 of 3rd period - Andrei Loktionov wins face-off versus Yanni Gourde in Golden Knights zone.
19:56 of 3rd period - Off-side.
19:57 of 3rd period - Yanni Gourde wins face-off versus Steven Stamkos in neutral zone.
Goals for this period are 0 for Lightning vs 0 for Golden Knights.
Shots for this period are 8 for Lightning vs 10 for Golden Knights.